TOP OF THE 1ST |
San Francisco (APP) Giants batting - Pitching for Miami (APP) Marlins : LHP Gavrilo Brkic
|
Pitching: LHP Gavrilo Brkic
|
|
Batting: RHB Jeremy Bailey
|
0-0: Swinging Strike 0-1: Foul Ball, location: 2F 0-2: Ball 1-2: Strikes out looking
|
Batting: RHB Ryan Bentz
|
0-0: Foul Ball, location: 2F 0-1: Ball 1-1: Ball 2-1: Foul Ball, location: 2F 2-2: Foul Ball, location: 2F 2-2: TRIPLE (Line Drive, 7D, EV 107.5 MPH)
|
Batting: RHB Teruhide Horiuchi
|
0-0: Ball 1-0: Ball 2-0: Called Strike 2-1: Ground out 4-3 (Groundball, 34, EV 85.0 MPH) Ryan Bentz scores
|
Batting: RHB Bill Defazio
|
0-0: Called Strike 0-1: Ground out 6-3 (Groundball, 6, EV 90.6 MPH)
|
Top of the 1st over - 1 run, 1 hit, 0 errors, 0 left on base; San Francisco (APP) 1 - Miami (APP) 0 |
BOTTOM OF THE 1ST |
Miami (APP) Marlins batting - Pitching for San Francisco (APP) Giants : RHP John Delaney
|
Pitching: RHP John Delaney
|
|
Batting: RHB Adrian Bocker
|
0-0: Swinging Strike 0-1: Ball 1-1: Swinging Strike 1-2: Strikes out swinging
|
Batting: RHB Jason Thrash
|
0-0: Called Strike 0-1: Called Strike 0-2: Strikes out looking
|
Batting: RHB Mario Cota
|
0-0: Foul Ball, location: 2F 0-1: Swinging Strike 0-2: Ball 1-2: Ball 2-2: Ball 3-2: Ground out 6-3 (Groundball, 6, EV 83.1 MPH)
|
Bottom of the 1st over - 0 runs, 0 hits, 0 errors, 0 left on base; San Francisco (APP) 1 - Miami (APP) 0 |
TOP OF THE 2ND |
San Francisco (APP) Giants batting - Pitching for Miami (APP) Marlins : LHP Gavrilo Brkic
|
Batting: RHB Pedro Quezada
|
0-0: Swinging Strike 0-1: Ball 1-1: Called Strike 1-2: Foul Ball, location: 2F 1-2: Foul Ball, location: 2F 1-2: Ball 2-2: Ball 3-2: Base on Balls
|
Pitching: LHP Tyler Murders
|
|
Batting: RHB Frank Pena
|
0-0: Ball 1-0: Fielders Choice at 2nd, 4-6 (Groundball, 4S, EV 83.1 MPH)
|
Batting: RHB John Tyra
|
0-0: Ball 1-0: Foul Ball, location: 2F 1-1: Ball 2-1: Called Strike Frank Pena steals 2nd base 2-2: SINGLE (Groundball, 4D, EV 94.4 MPH) Frank Pena to third Throwing error, E8 Frank Pena scores John Tyra to second
|
Batting: RHB Alexis Andrade
|
0-0: Ground out 6-3 (Groundball, 6, EV 81.9 MPH)
|
Batting: RHB Bob Schweiger
|
0-0: Ball 1-0: Ball 2-0: Foul Ball, location: 2F 2-1: SINGLE (Groundball, 34D, EV 100.0 MPH) John Tyra to third Runner from 3rd tries for Home, SAFE, throw by RF to home Bob Schweiger to second
|
Batting: RHB Jeremy Bailey
|
0-0: Ball 1-0: Swinging Strike 1-1: Called Strike 1-2: Reached via error on a dropped throw from 3B, E3 (Groundball, 56S, EV 74.4 MPH) Bob Schweiger to third
|
Batting: RHB Ryan Bentz
|
0-0: Ball 1-0: Ball 2-0: Ball 3-0: Base on Balls Jeremy Bailey to second
|
Batting: RHB Teruhide Horiuchi
|
0-0: Ball 1-0: Foul Ball, location: 2F 1-1: Ball 2-1: DOUBLE (Line Drive, 89D, EV 105.0 MPH) Bob Schweiger scores Jeremy Bailey scores Ryan Bentz to third Runner from 3rd tries for Home, SAFE, throw by RF to trailing runner, OUT at third! 9-3-5
|
Top of the 2nd over - 5 runs, 3 hits, 2 errors, 0 left on base; San Francisco (APP) 6 - Miami (APP) 0 |
BOTTOM OF THE 2ND |
Miami (APP) Marlins batting - Pitching for San Francisco (APP) Giants : RHP John Delaney
|
Batting: SHB Matt Moore
|
0-0: Ball 1-0: Called Strike 1-1: Fly out, F7 (Flyball, 7, EV 90.0 MPH)
|
Batting: RHB Matt Alexander
|
0-0: Foul Ball, location: 2F 0-1: Foul Ball, location: 2F 0-2: Strikes out looking
|
Batting: RHB Keith Bennett
|
0-0: Swinging Strike 0-1: Ball 1-1: Called Strike 1-2: Strikes out swinging
|
Bottom of the 2nd over - 0 runs, 0 hits, 0 errors, 0 left on base; San Francisco (APP) 6 - Miami (APP) 0 |
TOP OF THE 3RD |
San Francisco (APP) Giants batting - Pitching for Miami (APP) Marlins : LHP Tyler Murders
|
Batting: RHB Bill Defazio
|
0-0: Called Strike 0-1: Ball 1-1: Swinging Strike 1-2: Strikes out swinging
|
Batting: RHB Pedro Quezada
|
0-0: Ball 1-0: Ball 2-0: Ground out 5-3 (Groundball, 5S, EV 83.8 MPH)
|
Batting: RHB Frank Pena
|
0-0: Called Strike 0-1: Ball 1-1: Foul Ball, location: 2F 1-2: Ball 2-2: Fly out, F7 (Flyball, 7LS, EV 82.5 MPH)
|
Top of the 3rd over - 0 runs, 0 hits, 0 errors, 0 left on base; San Francisco (APP) 6 - Miami (APP) 0 |
BOTTOM OF THE 3RD |
Miami (APP) Marlins batting - Pitching for San Francisco (APP) Giants : RHP John Delaney
|
Batting: RHB Rick Knoblauch
|
0-0: Foul Ball, location: 2F 0-1: Ball 1-1: Foul Ball, location: 2F 1-2: Strikes out swinging
|
Pitching: LHP Mark Gregor
|
|
Batting: LHB Melvin Castro
|
0-0: Foul Ball, location: 2F 0-1: Called Strike 0-2: Ball 1-2: Strikes out swinging
|
Batting: LHB Bryan Wedge
|
0-0: Swinging Strike 0-1: Called Strike 0-2: Ball 1-2: Foul Ball, location: 2F 1-2: Ball 2-2: Strikes out swinging
|
Bottom of the 3rd over - 0 runs, 0 hits, 0 errors, 0 left on base; San Francisco (APP) 6 - Miami (APP) 0 |
TOP OF THE 4TH |
San Francisco (APP) Giants batting - Pitching for Miami (APP) Marlins : LHP Tyler Murders
|
Batting: RHB John Tyra
|
0-0: Ball 1-0: Ball 2-0: Foul Ball, location: 2F 2-1: Ball 3-1: Base on Balls
|
Batting: RHB Alexis Andrade
|
0-0: Grounds into double play, 4-6-3 (Groundball, 13, EV 78.8 MPH)
|
Batting: RHB Bob Schweiger
|
0-0: Foul Ball, location: 2F 0-1: Called Strike 0-2: Ball 1-2: Ball 2-2: Ball 3-2: DOUBLE (Groundball, 5L, EV 104.4 MPH)
|
Batting: RHB Jeremy Bailey
|
0-0: SINGLE (Flyball, 9, EV 76.9 MPH) Bob Schweiger to third Throwing error, E9 Bob Schweiger scores Jeremy Bailey to second
|
Batting: RHB Ryan Bentz
|
0-0: TRIPLE (Flyball, 78XD, EV 110.0 MPH) Jeremy Bailey scores
|
Batting: RHB Teruhide Horiuchi
|
0-0: SINGLE (Line Drive, 34, EV 101.9 MPH) Ryan Bentz scores
|
Batting: RHB Bill Defazio
|
0-0: Ball 1-0: Called Strike 1-1: Swinging Strike 1-2: Ball 2-2: Ball 3-2: Foul Ball, location: 2F 3-2: Foul Ball, location: 2F 3-2: Base on Balls Teruhide Horiuchi to second
|
Batting: RHB Pedro Quezada
|
0-0: Swinging Strike 0-1: Ball 1-1: Foul Ball, location: 2F 1-2: Ball 2-2: Ball 3-2: Base on Balls Teruhide Horiuchi to third Bill Defazio to second
|
Pitching: RHP Adam Brown
|
|
Batting: RHB Frank Pena
|
0-0: TRIPLE (Line Drive, 89XD, EV 106.2 MPH) Teruhide Horiuchi scores Bill Defazio scores Pedro Quezada scores
|
Batting: RHB John Tyra
|
0-0: Ball 1-0: Ball 2-0: Foul Ball, location: 2F 2-1: Ball 3-1: Called Strike 3-2: Base on Balls
|
Batting: RHB Alexis Andrade
|
0-0: Called Strike 0-1: Swinging Strike 0-2: Strikes out looking
|
Top of the 4th over - 6 runs, 5 hits, 1 error, 2 left on base; San Francisco (APP) 12 - Miami (APP) 0 |
BOTTOM OF THE 4TH |
Miami (APP) Marlins batting - Pitching for San Francisco (APP) Giants : LHP Mark Gregor
|
Batting: RHB Adrian Bocker
|
0-0: SINGLE (Groundball, 34D, EV 95.6 MPH)
|
Batting: RHB Jason Thrash
|
0-0: DOUBLE (Line Drive, 8RD, EV 91.2 MPH) Adrian Bocker to third
|
Batting: RHB Mario Cota
|
0-0: Called Strike 0-1: Swinging Strike 0-2: Ball 1-2: Ball 2-2: Strikes out swinging
|
Batting: SHB Matt Moore
|
0-0: Ball 1-0: Called Strike 1-1: Ground out 6-3 (Groundball, 6, EV 90.0 MPH) Adrian Bocker scores
|
Batting: RHB Matt Alexander
|
0-0: Ball 1-0: Called Strike 1-1: Foul Ball, location: 2F 1-2: Strikes out swinging
|
Bottom of the 4th over - 1 run, 2 hits, 0 errors, 1 left on base; San Francisco (APP) 12 - Miami (APP) 1 |
TOP OF THE 5TH |
San Francisco (APP) Giants batting - Pitching for Miami (APP) Marlins : RHP Adam Brown
|
Batting: RHB Bob Schweiger
|
0-0: Ball 1-0: Ball 2-0: Called Strike 2-1: Ball 3-1: Swinging Strike 3-2: Fly out, F8 (Flyball, 78D, EV 89.4 MPH)
|
Batting: RHB Jeremy Bailey
|
0-0: Ball 1-0: Ball 2-0: Foul Ball, location: 2F 2-1: Swinging Strike 2-2: Ball 3-2: Strikes out swinging
|
Pitching: RHP Jeremy Akande
|
|
Batting: RHB Ryan Bentz
|
0-0: Foul Ball, location: 2F 0-1: Swinging Strike 0-2: Ball 1-2: Strikes out swinging
|
Top of the 5th over - 0 runs, 0 hits, 0 errors, 0 left on base; San Francisco (APP) 12 - Miami (APP) 1 |
BOTTOM OF THE 5TH |
Miami (APP) Marlins batting - Pitching for San Francisco (APP) Giants : LHP Mark Gregor
|
Batting: RHB Keith Bennett
|
0-0: Called Strike 0-1: Ball 1-1: Ball 2-1: Ball 3-1: Foul Ball, location: 2F 3-2: Foul Ball, location: 2F 3-2: Strikes out looking
|
Batting: RHB Rick Knoblauch
|
0-0: Swinging Strike 0-1: Ball 1-1: Foul Ball, location: 2F 1-2: Ball 2-2: Fly out, F8 (Flyball, 8RD, EV 101.9 MPH)
|
Batting: LHB Melvin Castro
|
0-0: Swinging Strike 0-1: Ball 1-1: Ball 2-1: Swinging Strike 2-2: Strikes out swinging
|
Bottom of the 5th over - 0 runs, 0 hits, 0 errors, 0 left on base; San Francisco (APP) 12 - Miami (APP) 1 |
TOP OF THE 6TH |
San Francisco (APP) Giants batting - Pitching for Miami (APP) Marlins : RHP Jeremy Akande
|
Batting: RHB Teruhide Horiuchi
|
0-0: Foul Ball, location: 2F 0-1: SINGLE (Groundball, P, EV 83.8 MPH) (infield hit)
|
Batting: RHB Bill Defazio
|
0-0: Ball 1-0: TRIPLE (Flyball, 89XD, EV 95.0 MPH) Teruhide Horiuchi scores
|
Batting: RHB Pedro Quezada
|
0-0: Ball 1-0: Swinging Strike 1-1: Called Strike 1-2: Ground out U3 (Groundball, 3, EV 106.2 MPH)
|
Batting: RHB Frank Pena
|
0-0: Called Strike 0-1: Ball 1-1: Swinging Strike 1-2: Strikes out swinging
|
Batting: RHB John Tyra
|
0-0: Ball 1-0: Foul Ball, location: 2F 1-1: Foul Ball, location: 2F 1-2: Strikes out swinging
|
Top of the 6th over - 1 run, 2 hits, 0 errors, 1 left on base; San Francisco (APP) 13 - Miami (APP) 1 |
BOTTOM OF THE 6TH |
Miami (APP) Marlins batting - Pitching for San Francisco (APP) Giants : LHP Mark Gregor
|
Batting: LHB Bryan Wedge
|
0-0: Foul Ball, location: 2F 0-1: Ground out 4-3 (Groundball, 34, EV 100.0 MPH)
|
Batting: RHB Adrian Bocker
|
0-0: Foul Ball, location: 2F 0-1: Swinging Strike 0-2: Ball 1-2: Ball 2-2: Foul Ball, location: 2F 2-2: Ground out 4-3 (Groundball, 4, EV 78.8 MPH)
|
Batting: RHB Jason Thrash
|
0-0: Called Strike 0-1: Ball 1-1: Ball 2-1: Ball 3-1: Foul Ball, location: 2F 3-2: Foul Ball, location: 2F 3-2: SINGLE (Flyball, 8RS, EV 91.2 MPH)
|
Batting: RHB Mario Cota
|
0-0: Ball 1-0: Called Strike 1-1: Foul Ball, location: 2F 1-2: Ball 2-2: Foul Ball, location: 2F 2-2: Ball 3-2: Strikes out looking
|
Bottom of the 6th over - 0 runs, 1 hit, 0 errors, 1 left on base; San Francisco (APP) 13 - Miami (APP) 1 |
TOP OF THE 7TH |
San Francisco (APP) Giants batting - Pitching for Miami (APP) Marlins : RHP Jeremy Akande
|
Pitching: LHP Mike Wasson
|
|
Batting: RHB Alexis Andrade
|
0-0: Called Strike 0-1: DOUBLE (Flyball, 78D, EV 90.6 MPH)
|
Batting: RHB Bob Schweiger
|
0-0: Ball 1-0: Ball 2-0: Ball 3-0: Base on Balls
|
Batting: RHB Jeremy Bailey
|
0-0: Foul Ball, location: 2F 0-1: Swinging Strike 0-2: Ball 1-2: Foul Ball, location: 2F 1-2: Strikes out swinging
|
Batting: RHB Ryan Bentz
|
0-0: Called Strike 0-1: Ball 1-1: Ball 2-1: SINGLE (Line Drive, 9S, EV 102.5 MPH) Alexis Andrade to third Bob Schweiger to second Runner from 3rd tries for Home, SAFE, throw by RF to home
|
Batting: RHB Teruhide Horiuchi
|
0-0: Ball Passed Ball! Bob Schweiger to third Ryan Bentz to second 1-0: SINGLE (Groundball, 23, EV 69.4 MPH) (infield hit)
|
Batting: RHB Bill Defazio
|
0-0: Foul Ball, location: 2F 0-1: Foul Ball, location: 2F 0-2: Ball 1-2: Foul Ball, location: 2F 1-2: Foul Ball, location: 2F 1-2: Fly out, F8 (Flyball, 8LM, EV 85.6 MPH)
|
Batting: RHB Pedro Quezada
|
0-0: Swinging Strike 0-1: Ball 1-1: SINGLE (Line Drive, 34D, EV 97.5 MPH) Bob Schweiger scores Ryan Bentz to third Teruhide Horiuchi to second
|
Batting: RHB Frank Pena
|
0-0: DOUBLE (Flyball, 8RD, EV 94.4 MPH) Ryan Bentz scores Teruhide Horiuchi scores Pedro Quezada to third Runner from 3rd tries for Home, SAFE, throw by CF to home
|
Batting: RHB John Tyra
|
0-0: Ball 1-0: Foul Ball, location: 2F 1-1: Fly out, F7 (Flyball, 7D, EV 96.2 MPH)
|
Top of the 7th over - 5 runs, 5 hits, 0 errors, 1 left on base; San Francisco (APP) 18 - Miami (APP) 1 |
BOTTOM OF THE 7TH |
Miami (APP) Marlins batting - Pitching for San Francisco (APP) Giants : LHP Mark Gregor
|
Pitching: RHP Francisco Gonzalez
|
|
Batting: SHB Matt Moore
|
0-0: Foul Ball, location: 2F 0-1: Swinging Strike 0-2: Foul Ball, location: 2F 0-2: Ball 1-2: Hit by Pitch
|
Batting: RHB Matt Alexander
|
0-0: Ball 1-0: Called Strike 1-1: Called Strike 1-2: Ball 2-2: Foul Ball, location: 2F 2-2: Foul Ball, location: 2F 2-2: Strikes out swinging
|
Batting: RHB Keith Bennett
|
0-0: Fielders Choice at 2nd, 5-4 (Groundball, 15, EV 83.8 MPH)
|
Batting: RHB Rick Knoblauch
|
0-0: Fly out, F8 (Flyball, 78XD, EV 84.4 MPH)
|
Bottom of the 7th over - 0 runs, 0 hits, 0 errors, 1 left on base; San Francisco (APP) 18 - Miami (APP) 1 |
TOP OF THE 8TH |
San Francisco (APP) Giants batting - Pitching for Miami (APP) Marlins : LHP Mike Wasson
|
Batting: RHB Alexis Andrade
|
0-0: Swinging Strike 0-1: Ball 1-1: Swinging Strike 1-2: Ball 2-2: Ball 3-2: Base on Balls
|
Batting: RHB Bob Schweiger
|
0-0: Ball 1-0: Swinging Strike 1-1: Foul Ball, location: 2F 1-2: Strikes out swinging
|
Batting: RHB Jeremy Bailey
|
0-0: TRIPLE (Flyball, 9LD, EV 91.9 MPH) Alexis Andrade scores
|
Batting: RHB Ryan Bentz
|
0-0: Fly out, F8 (Flyball, 78D, EV 100.0 MPH) Runner from 3rd tags up, SCORES, throw by CF
|
Batting: RHB Teruhide Horiuchi
|
0-0: SINGLE (Groundball, 4MD, EV 94.4 MPH)
|
Batting: RHB Bill Defazio
|
0-0: Ball 1-0: Ball 2-0: Ball 3-0: Base on Balls Teruhide Horiuchi to second
|
Batting: RHB Pedro Quezada
|
0-0: Ball 1-0: Ball 2-0: Foul Ball, location: 2F 2-1: Foul Ball, location: 2F 2-2: Ball 3-2: Base on Balls Teruhide Horiuchi to third Bill Defazio to second
|
Batting: RHB Frank Pena
|
0-0: SINGLE (Flyball, 9LS, EV 96.9 MPH) Teruhide Horiuchi scores Bill Defazio to third Pedro Quezada to second Runner from 3rd tries for Home, SAFE, throw by RF to home
|
Batting: RHB John Tyra
|
0-0: DOUBLE (Line Drive, 7LS, EV 101.9 MPH) Pedro Quezada scores Frank Pena to third
|
Batting: RHB Alexis Andrade
|
0-0: DOUBLE (Groundball, 3L, EV 100.6 MPH) Frank Pena scores John Tyra scores
|
Batting: RHB Bob Schweiger
|
0-0: Ball 1-0: Called Strike 1-1: Ball 2-1: Ball 3-1: Base on Balls
|
Batting: RHB Jeremy Bailey
|
0-0: Foul Ball, location: 2F 0-1: Fly out, F9 (Flyball, 9LD, EV 77.5 MPH)
|
Top of the 8th over - 7 runs, 5 hits, 0 errors, 2 left on base; San Francisco (APP) 25 - Miami (APP) 1 |
BOTTOM OF THE 8TH |
Miami (APP) Marlins batting - Pitching for San Francisco (APP) Giants : RHP Francisco Gonzalez
|
Batting: LHB Melvin Castro
|
0-0: Ball 1-0: Swinging Strike 1-1: Foul Ball, location: 2F 1-2: Ball 2-2: Foul Ball, location: 2F 2-2: Ball 3-2: Strikes out swinging
|
Batting: LHB Bryan Wedge
|
0-0: Called Strike 0-1: Ball 1-1: Called Strike 1-2: SINGLE (Groundball, 4MD, EV 107.5 MPH)
|
Pitching: LHP Gil Longoria
|
|
Batting: RHB Adrian Bocker
|
0-0: Called Strike 0-1: Ball 1-1: Ball 2-1: Foul Ball, location: 2F 2-2: Strikes out swinging
|
Batting: RHB Jason Thrash
|
0-0: Called Strike 0-1: Ball 1-1: Foul Ball, location: 2F 1-2: Strikes out swinging
|
Bottom of the 8th over - 0 runs, 1 hit, 0 errors, 1 left on base; San Francisco (APP) 25 - Miami (APP) 1 |
TOP OF THE 9TH |
San Francisco (APP) Giants batting - Pitching for Miami (APP) Marlins : LHP Mike Wasson
|
Batting: RHB Ryan Bentz
|
0-0: Foul Ball, location: 2F 0-1: SINGLE (Groundball, 4M, EV 113.1 MPH) (infield hit)
|
Batting: RHB Teruhide Horiuchi
|
0-0: Called Strike 0-1: Fielders Choice at 2nd, 3-6 (Groundball, 23, EV 86.2 MPH)
|
Batting: RHB Bill Defazio
|
0-0: Ball 1-0: Called Strike 1-1: Ball 2-1: Foul Ball, location: 2F 2-2: Foul Ball, location: 2F 2-2: Strikes out swinging
|
Batting: RHB Pedro Quezada
|
0-0: Called Strike 0-1: Fielders Choice at 2nd, U6 (Groundball, 6M, EV 100.0 MPH)
|
Top of the 9th over - 0 runs, 1 hit, 0 errors, 1 left on base; San Francisco (APP) 25 - Miami (APP) 1 |
BOTTOM OF THE 9TH |
Miami (APP) Marlins batting - Pitching for San Francisco (APP) Giants : LHP Gil Longoria
|
Batting: RHB Mario Cota
|
0-0: Called Strike 0-1: Called Strike 0-2: Ball 1-2: Strikes out swinging
|
Batting: SHB Matt Moore
|
0-0: Foul Ball, location: 2F 0-1: Ball 1-1: Foul Ball, location: 2F 1-2: Foul Ball, location: 2F 1-2: Strikes out swinging
|
Batting: RHB Matt Alexander
|
0-0: Called Strike 0-1: Ball 1-1: Called Strike 1-2: Ball 2-2: Strikes out swinging, 2-3 out at first.
|
Bottom of the 9th over - 0 runs, 0 hits, 0 errors, 0 left on base; San Francisco (APP) 25 - Miami (APP) 1 |
|